 Dungeon Crawl Stone Soup version 0.27.1-1-g398f81649c (webtiles) character file.

Game seed: 3005092231703035791

4660 Metae the Blocker (level 10, -9/91 HPs)
             Began as a Minotaur Fighter on Sept 17, 2021.
             Was a Priest of Okawaru.
             Splashed by Sonja's acid (13 damage)
             ... on level 1 of the Lair of Beasts.
             The game lasted 00:19:53 (8646 turns).

Metae the Blocker (Minotaur Fighter)                Turns: 8646, Time: 00:19:53

Health: -9/91      AC: 22    Str: 23    XL:     10   Next: 20%
Magic:  9/11       EV:  9    Int:  5    God:    Okawaru [***...]
Gold:   367        SH: 13    Dex: 11    Spells: 9/9 levels left

rFire    . . .     SeeInvis .   i - +7 flail (holy)
rCold    . . .     Faith    .   c - +0 kite shield
rNeg     . . .     Spirit   .   y - +0 plate armour
rPois    .         Reflect  .   (helmet restricted)
rElec    .         Harm     .   (no cloak)
rCorr    .         Rampage  .   (no gloves)
Will     .....                  n - +0 pair of boots
Stlth    ..........             u - amulet of regeneration
HPRegen  1.25/turn              j - +4 ring of protection
MPRegen  0.12/turn              (no ring)

@: lethally poisoned (-9 -> -11), heroic, slowed, very slow
A: horns 2, retaliatory headbutt
a: Renounce Religion, Heroism


You were on level 1 of the Lair of Beasts.
You worshipped Okawaru.
Okawaru was most pleased with you.
You visited 3 branches of the dungeon, and saw 10 of its levels.

You collected 367 gold pieces.

Inventory:

Hand Weapons
 a - a +0 trident of protection
 i - a +7 flail of holy wrath (weapon)
Armour
 c - a +0 kite shield (worn)
 n - a +0 pair of boots (worn)
 y - a +0 plate armour (worn)
 B - a +0 chain mail
Jewellery
 j - a +4 ring of protection (left hand)
 q - a ring of wizardry
 u - an amulet of regeneration (around neck)
 w - an amulet of guardian spirit
 D - an amulet of faith
Wands
 m - a wand of paralysis (14)
 v - a wand of flame (41)
 A - a wand of iceblast (27)
 E - a wand of digging (5)
Scrolls
 f - 2 scrolls of magic mapping
 l - 3 scrolls of teleportation
 o - 2 scrolls of fear
 r - a scroll of acquirement {unknown}
 s - 2 scrolls of noise
 G - a scroll of blinking
Potions
 b - 2 potions of invisibility {unknown}
 d - 2 potions of might
 e - 2 potions of berserk rage {unknown}
 g - 2 potions of ambrosia
 h - 3 potions of lignification
 k - 2 potions of resistance {unknown}
 p - 4 potions of curing {unknown}
 F - 2 potions of flight {unknown}


   Skills:
 + Level 9.1(14.1) Fighting
 + Level 7.7(12.7) Maces & Flails
 - Level 3.3(8.3) Polearms
 + Level 9.1(14.1) Armour
 + Level 9.1(14.1) Shields
 + Level 3.8 Invocations
 + Level 3.5 Evocations


You had 9 spell levels left.
You didn't know any spells.
Your spell library contained the following spells:

 Spells                   Type           Power      Damage    Failure   Level
 Animate Skeleton         Necr           0%         N/A       99%         1
 Apportation              Tloc           0%         N/A       99%         1
 Beastly Appendage        Tmut           0%         N/A       99%         1
 Corona                   Hex            0%         N/A       99%         1
 Shock                    Conj/Air       0%         1d3       99%         1
 Summon Small Mammal      Summ           0%         N/A       99%         1
 Ensorcelled Hibernation  Hex/Ice        0%         N/A       100%        2
 Wereblood                Tmut           0%         N/A       100%        2
 Spider Form              Tmut/Pois      0%         N/A       100%        3
 Swiftness                Air            0%         N/A       100%        3
 Tukima's Dance           Hex            0%         N/A       100%        3
 Airstrike                Air            0%         N/A       100%        4
 Malign Gateway           Summ/Tloc      0%         N/A       100%        7
 Summon Horrible Things   Summ           0%         N/A       100%        8


Dungeon Overview and Level Annotations

Branches:
Dungeon (8/15)             Temple (1/1) D:5            Lair (1/6) D:8

Altars:
Ashenzari
Cheibriados
Dithmenos
Elyvilon
Fedhas
Gozag
Kikubaaqudgha
Makhleb
Okawaru
Qazlal
Ru
Sif Muna
Trog
Uskayaw
Vehumet
Wu Jian
Xom
Yredelemnul
Zin

Annotations:
Lair:1 Sonja


Innate Abilities, Weirdness & Mutations

You have a pair of horns on your head.
You reflexively headbutt those who attack you in melee.


Message History

Sonja gestures wildly while chanting.
Sonja blinks!
You feel very sick.
You feel sick.
You see here 11 gold pieces.
You feel sick.
Sonja zaps a wand.
The bolt of acid hits you!
You are splashed with acid!
* * * LOW HITPOINT WARNING * * *
You feel sick. Sonja hits you but does no damage. Sonja barely misses you.
Sonja hits you with a +2 short sword of venom.
* * * LOW HITPOINT WARNING * * *
You are more poisoned.
Sonja hits you with a +2 short sword of venom.
* * * LOW HITPOINT WARNING * * *
Sonja hits you but does no damage. x2
You are more poisoned.
You gain the combat prowess of a mighty hero.
You feel very sick.
Sonja casts a spell.
Sonja blinks!
Sonja throws a curare-tipped dart.
You block the curare-tipped dart.
You are no longer corroded.
You feel very sick.
Sonja throws a curare-tipped dart.
You block the curare-tipped dart.
Sonja gestures wildly while chanting.
Sonja blinks!
Sonja throws a curare-tipped dart.
You block the curare-tipped dart.
You feel very sick.
Sonja throws a curare-tipped dart.
You block the curare-tipped dart.
Sonja throws a curare-tipped dart.
The curare-tipped dart hits you.
You are more poisoned.
You have difficulty breathing.
* * * LOW HITPOINT WARNING * * *
You feel as though you will be slow longer.
* * * LOW HITPOINT WARNING * * *
You feel very sick.
Sonja zaps a wand.
The bolt of acid hits you but does no damage.
You are splashed with acid!
You die...

#............###....
....##.......# ##..
#......#...# .# ..
#.....##....# ...
#....#####..# ....
##....# #...
#...###....## ....
#P....$...# ##.
####...@.##
##.....## ##.....#
#..K...# .........
...........
..#####....P ..#
..... #.# ..#


You could see Sonja.

Vanquished Creatures
  A cane toad (Lair:1)
  A gargoyle (D:7)
  A komodo dragon (D:8)
  Sigmund (D:2)
  A wyvern (D:8)
  5 yaks (Lair:1)
  Eustachio (D:5)
  2 water moccasins
  A hornet zombie (D:7)
  An orc warrior (D:6)
  3 ice beasts
  2 ogres (D:4)
  2 phantoms
  6 bullfrogs
  A wyvern zombie (D:7)
  2 water moccasin skeletons
  10 wights
  A vampire bat (Lair:1)
  A howler monkey (D:5)
  A centaur zombie (D:7)
  A bullfrog zombie (D:6)
  5 hounds
  An orc priest (D:6)
  2 centaur skeletons
  Terence (D:2)
  2 iguanas
  4 orc wizards
  3 howler monkey zombies
  8 adders
  A shadow imp (D:6)
  2 ufetubi
  2 worms
  6 dart slugs
  18 orcs
  A bat zombie (D:7)
  12 endoplasms
  2 giant cockroaches
  7 goblins
  2 hobgoblins
  2 jackals (D:2)
  5 quokkas
  9 ball pythons
  8 bats
  2 frilled lizards
  8 kobolds
  9 rats
  A rat zombie (D:7)
168 creatures vanquished.

Vanquished Creatures (others)
  5 plants
5 creatures vanquished.

Grand Total: 173 creatures vanquished

Notes
Turn   | Place    | Note
-------+----------+-------------------------------------------
     0 | D:1      | Metae the Minotaur Fighter began the quest for the Orb.
     0 | D:1      | Reached XP level 1. HP: 19/19 MP: 0/0
   315 | D:1      | Reached XP level 2. HP: 7/27 MP: 1/1
   953 | D:1      | Reached XP level 3. HP: 33/33 MP: 2/2
  1578 | D:2      | Found a faded altar of an unknown god.
  1578 | D:2      | Noticed Terence
  1585 | D:2      | HP: 1/33 [Terence (16)]
  1656 | D:2      | Killed Terence
  1657 | D:2      | Reached XP level 4. HP: 5/41 MP: 3/3
  2145 | D:2      | Noticed Sigmund
  2154 | D:2      | Killed Sigmund
  2155 | D:2      | Reached skill level 5 in Fighting
  2155 | D:2      | Reached skill level 5 in Armour
  2155 | D:2      | Reached skill level 5 in Shields
  2155 | D:2      | Reached XP level 5. HP: 40/48 MP: 4/4
  2583 | D:3      | Reached XP level 6. HP: 44/56 MP: 5/5
  2729 | D:3      | Found a shimmering blue altar of Sif Muna.
  2963 | D:3      | Found an opulent altar of Gozag.
  2972 | D:3      | Found a sacrificial altar of Ru.
  3745 | D:4      | Reached XP level 7. HP: 52/62 MP: 6/6
  4088 | D:5      | Entered Level 5 of the Dungeon
  4467 | D:5      | Noticed Eustachio
  4489 | D:5      | Killed Eustachio
  4529 | D:5      | Found a white marble altar of Elyvilon.
  4623 | D:5      | Reached XP level 8. HP: 71/71 MP: 7/7
  4693 | D:5      | Reached skill level 5 in Maces & Flails
  4778 | D:5      | Found a staircase to the Ecumenical Temple.
  4790 | Temple   | Entered the Ecumenical Temple
  4850 | Temple   | Became a worshipper of Warmaster Okawaru
  4977 | D:5      | Noticed an angel
  4978 | D:5      | Found a glowing silver altar of Zin.
  6497 | D:7      | Reached * piety under Okawaru
  6498 | D:7      | Reached skill level 1 in Invocations
  6615 | D:7      | Found an ornate altar of the Wu Jian Council.
  6645 | D:7      | Noticed a gargoyle
  6652 | D:7      | Killed a gargoyle
  6653 | D:7      | Reached skill level 1 in Evocations
  6653 | D:7      | Reached XP level 9. HP: 35/81 MP: 5/9
  6732 | D:7      | Reached ** piety under Okawaru
  6851 | D:7      | Found a stormy altar of Qazlal.
  7084 | D:7      | Found an ancient bone altar of Kikubaaqudgha.
  7142 | D:8      | Found a bloodstained altar of Trog.
  7767 | D:8      | Found a staircase to the Lair.
  7768 | D:8      | Noticed a komodo dragon
  7796 | D:8      | Killed a komodo dragon
  8099 | Lair:1   | Entered Level 1 of the Lair of Beasts
  8160 | Lair:1   | Noticed a cane toad
  8168 | Lair:1   | Killed a cane toad
  8255 | Lair:1   | Reached *** piety under Okawaru
  8256 | Lair:1   | Reached XP level 10. HP: 90/90 MP: 11/11
  8631 | Lair:1   | Noticed Sonja
  8646 | Lair:1   | HP: 4/91 [poisoned by Sonja (curare-tipped dart)]
  8646 | Lair:1   | Splashed by Sonja's acid

Illustrated notes

Levels and vault maps discovered:
D:1:      noname_arrival_rooms_in_the_neighbourhood, layout_basic,
          minmay_bisected
D:2:      layout_rooms, dreamdust_ecumenical_altar_grove, uniq_terence,
          uniq_sigmund
D:3:      layout_basic, mainiacjoe_overflow_concentric_impassable,
          mainiacjoe_overflow_swirl
D:4:      layout_gridville, chequers_serial_rivers_micro_b, moated_statue,
          kennysheep_potato
D:5:      layout_gridville, zin_angel, nicolae_elyvilon_peaceful_grove,
          temple_hall, uniq_eustachio
D:6:      layout_basic
D:7:      layout_basic, old_standard_altar, mainiacjoe_overflow_six_doors_small,
          lemuel_zombie_altar_kikubaaqudgha, minivault_27, st_stairs_13
D:8:      layout_basic, trog_three_pillars_becter, david_lair_shrubbed
Temple:   jpeg_temple_alley_garden
Lair:1:   layout_layer_cave, roderic_batcave, uniq_sonja

Skill      XL: |  1  2  3  4  5  6  7  8  9 10 |
---------------+-------------------------------+-----
Armour         | 4 5 6 8 9 |  9.1
Fighting       | 4 5 6 7 8 9 |  9.1
Shields        | 4 5 6 8 9 |  9.1
Polearms       | 3 |  3.3
Maces & Flails | 2 3 4 6 7 |  7.7
Invocations    | 1 3 |  3.8
Evocations     | 1 3 |  3.5

Action                   |  1- 3 |  4- 6 |  7- 9 | 10-12 || total
-------------------------+-------+-------+-------+-------++-------
Melee: Trident           |    93 |       |       |       ||    93
       Headbutt          |    10 |    13 |    35 |     6 ||    64
       Flail             |       |    94 |   215 |    36 ||   345
Invok: Heroism           |       |       |     3 |     1 ||     4
Evoke: Wand              |       |       |       |     1 ||     1
  Use: Potion            |     1 |       |       |       ||     1
       Scroll            |       |     3 |    10 |       ||    13
Armor: Scale mail        |    21 |    61 |    46 |       ||   128
       Chain mail        |       |       |    60 |       ||    60
       Plate armour      |       |       |     1 |    32 ||    33
Dodge: Dodged            |    16 |    32 |    58 |    21 ||   127
Block: Kite shield       |    45 |    56 |   156 |    41 ||   298
